 Dungeon Crawl Stone Soup version 0.25.1-2-g60ff931 (webtiles) character file.

Game seed: 6341894692973976613

412 Askren the Chopper (level 6, -7/82 HPs)
             Began as a Hill Orc Berserker on Sept 11, 2020.
             Was a Believer of Trog.
             Mangled by an orc warrior
             ... wielding a +0 war axe
              (16 damage)
             ... on level 6 of the Dungeon.
             The game lasted 00:12:54 (3025 turns).

Askren the Chopper (Hill Orc Berserker)             Turns: 3025, Time: 00:12:54

Health: -7/82      AC:  6    Str: 22    XL:     6   Next: 90%
Magic:  6/6        EV: 11    Int:  7    God:    Trog [**....]
Gold:   282        SH:  0    Dex: 10    Spells: 5/5 levels left

rFire    . . .     SeeInvis .   a - +0 hand axe
rCold    . . .     Gourm    .   (no shield)
rNeg     . . .     Faith    .   d - +0 ring mail
rPois    .         Spirit   .   (no helmet)
rElec    .         Reflect  .   (no cloak)
rCorr    .         Harm     .   (no gloves)
MR       .....                  (no boots)
Stlth    ..........             (no amulet)
HPRegen  0.23/turn              (no ring)
MPRegen  0.10/turn              (no ring)

@: berserking, very quick
A: no striking features
a: Berserk, Trog's Hand, Renounce Religion


You were on level 6 of the Dungeon.
You worshipped Trog.
Trog was pleased with you.
You were not hungry.

You visited 1 branch of the dungeon, and saw 4 of its levels.

You collected 282 gold pieces.

Inventory:

Hand Weapons
 a - a +0 hand axe (weapon)
 o - a +5 club
Missiles
 k - 8 boomerangs (quivered)
Armour
 b - a +0 animal skin
 d - a +0 ring mail (worn)
 m - a +0 scale mail
 p - a +2 robe of fire resistance
Jewellery
 i - a +6 ring of dexterity {unknown}
Scrolls
 e - 4 scrolls of identify {unknown}
 f - 6 scrolls of blinking {unknown}
 j - a scroll of enchant weapon {unknown}
 n - 3 scrolls of remove curse {unknown}
Potions
 g - a potion of flight {unknown}
 h - a potion of haste
Comestibles
 c - 3 rations


   Skills:
 + Level 4.9 Fighting
 + Level 7.2 Axes
 + Level 4.4 Armour
 + Level 2.2 Dodging
 + Level 0.8 Stealth


You had 5 spell levels left.
You didn't know any spells.
Your spell library was empty.

Dungeon Overview and Level Annotations

Branches:
Dungeon (3/15)

Altars:
Gozag
Xom
Yredelemnul

Shops:
D:2 *


Message History

An orc comes into view. It is wielding a +0 war axe.
An orc wizard comes into view. It is wielding a +0 dagger.
You closely miss the orc warrior. The orc warrior closely misses you.
You hit the orc warrior.
The orc warrior is lightly wounded.
The orc warrior jeers noisily.
The orc warrior hits you with a +0 war axe!!
* * * LOW HITPOINT WARNING * * *
A red film seems to cover your vision as you go berserk!
You feel yourself moving faster!
You feel mighty!
You feel a lot more hungry.
You hit the orc warrior.
The orc warrior is lightly wounded.
The orc warrior hits you with a +0 war axe.
* * * LOW HITPOINT WARNING * * *
You hit the orc warrior.
The orc warrior is moderately wounded.
You hit the orc warrior.
The orc warrior is heavily wounded.
The orc warrior hits you with a +0 war axe!
You die...

###..#
.....##########
##............#
##..########.#
###..# #.#
.....# #.#
....## #.# .#.†#
#.##########..##
.#..#
#...@oo.....o...
.#..#
############..#.
##..# ##..#
##..# .#..#
....# .##.# ...


You could see an orc warrior and an orc.

Vanquished Creatures
  Sigmund (D:2)
  A water moccasin (D:6)
  2 orc wizards (D:2)
  Jessica (D:2)
  3 adders
  A worm (D:3)
  A leopard gecko (D:1)
  2 orcs (D:2)
  2 giant cockroaches (D:1)
  7 goblins
  5 hobgoblins
  A quokka (D:2)
  A bat (D:2)
  6 frilled lizards
  5 kobolds
  5 rats
44 creatures vanquished.

Notes
Turn   | Place    | Note
-------+----------+-------------------------------------------
     0 | D:1      | Askren the Hill Orc Berserker began the quest for the Orb.
     0 | D:1      | Reached XP level 1. HP: 19/19 MP: 1/1
   402 | D:1      | Reached XP level 2. HP: 27/27 MP: 2/2
  1254 | D:2      | Reached XP level 3. HP: 33/33 MP: 3/3
  1334 | D:2      | Found an opulent altar of Gozag.
  1334 | D:2      | Found Gozag's Platinum Reserve.
  1493 | D:2      | Found a shimmering altar of Xom.
  1608 | D:2      | Noticed Sigmund
  1623 | D:2      | Killed Sigmund
  1623 | D:2      | Reached skill level 6 in Axes
  1623 | D:2      | Reached XP level 4. HP: 36/41 MP: 4/4
  1623 | D:2      | Reached XP level 5. HP: 42/47 MP: 5/5
  1808 | D:2      | Noticed Jessica
  1817 | D:2      | Killed Jessica
  1856 | D:2      | Reached XP level 6. HP: 42/53 MP: 6/6
  1924 | D:2      | Found a basalt altar of Yredelemnul.
  2862 | D:3      | Reached ** piety under Trog
  2887 | D:3      | You fall into a shaft and drop 3 floors!
  2916 | D:6      | Noticed a water moccasin
  2937 | D:6      | Killed a water moccasin
  2937 | D:6      | Reached skill level 7 in Axes
  2946 | D:6      | HP: 2/55 [poisoned by a water moccasin]
  3011 | D:6      | Noticed an orc warrior
  3025 | D:6      | Mangled by an orc warrior

Illustrated notes

Levels and vault maps discovered:
D:1:      scummos_arrival_forest, layout_basic, item_on_display_a
D:2:      layout_loops_corners, overflow_temple_1_default,
          nicolae_gozag_zags_fifth_avenue, lemuel_round_altar, first_ration,
          patterned_corridor, uniq_sigmund, uniq_jessica
D:3:      layout_basic
D:6:      layout_loops_ring, lemuel_coloured_pillars_altar, serial_shops,
          nicolae_shop_crystal, uniq_crazy_yiuf_cottage

Skill      XL: |  1  2  3  4  5  6 |
---------------+-------------------+-----
Fighting       | 4 |  4.9
Axes           | 6 7 |  7.2
Armour         | 3 4 |  4.4
Dodging        | 2 |  2.2
Stealth        | |  0.8

Action                   |  1- 3 |  4- 6 || total
-------------------------+-------+-------++-------
Melee: Hand axe          |    75 |    87 ||   162
Invok: Berserk           |     1 |     4 ||     5
  Use: Potion            |       |     4 ||     4
  Eat: Chunk             |     2 |     7 ||     9
       Ration            |       |     1 ||     1
Armor: Ring mail         |    24 |    26 ||    50
Dodge: Dodged            |    42 |    37 ||    79
